 Dungeon Crawl Stone Soup version 0.31-a0-344-gd109795599 (webtiles) character file.

Game seed: 14273523108947188992

86084 Newt the Markskobold (level 16, -5/82 HPs)
             Began as a Kobold Hunter on July 21, 2023.
             Was a High Priest of Hepliaklqana.
             Killed by the raging water
             ... invoked by a water nymph
              (39 damage)
             ... on level 2 of the Shoals.
             The game lasted 00:36:25 (23403 turns).

Newt the Markskobold (Kobold Hunter)               Turns: 23403, Time: 00:36:25

Health: -5/82      AC: 16    Str: 17    XL:     16   Next: 33%
Magic:  26/29      EV: 24    Int: 12    God:    Hepliaklqana [*****.]
Gold:   1110       SH: 14    Dex: 25    Spells: 25/33 levels left

rFire   + + +        C - +6 sling (drain)
rCold   + . .        x - +1 kite shield {AC+3}
rNeg    . . .        F - +0 troll leather armour
rPois   +            Q - +0 hat "Ekloehif" {-Tele rF++ Str+2 Dex+2}
rElec   .            f - +0 cloak
rCorr   .            q - +2 pair of gloves
SInv    .            I - +1 pair of boots {Fly}
Will    ++...        g - amulet of the Jester {rF+ Regen+}
Stlth   +++          n - ring of protection from cold
HPRegen 1.93/turn    M - ring "Aneuhac" {rPois Int+3 Slay+4}
MPRegen 0.21/turn

%: no teleportation, clarity
@: flying, studying Conjurations
A: reduced essence, small, no large weapons, nightstalker 3, iridescent scales
1, clarity, strong-willed 1, strong 1, MP-powered wands
a: Renounce Religion, Recall Ancestor, Ancestor Identity, Transference, Idealise


You were on level 2 of the Shoals.
You worshipped Hepliaklqana.
Hepliaklqana was extremely pleased with you.
You visited 5 branches of the dungeon, and saw 21 of its levels.
You also visited: Bailey.

You collected 2963 gold pieces.
You spent 1853 gold pieces at shops.

Inventory:

Hand Weapons
 r - the +9 sling of Botubuz {flame, *Slow rN+++ Will++ Dex-3}
   (You found it on level 2 of the Lair of Beasts)

   Dex:       It affects your dexterity (-3).
   rN:        It renders you almost immune to negative energy.
   *Slow:     It may slow you when you take damage.
   Will:      It greatly increases your willpower.
 C - a +6 sling of draining (weapon)
Armour
 f - a +0 cloak (worn)
 q - a +2 pair of gloves (worn)
 x - a +1 kite shield of protection (worn)
 F - a +0 troll leather armour (worn)
 I - a +1 pair of boots of flying (worn)
 P - a +2 hat of see invisible
 Q - the +0 hat "Ekloehif" (worn) {-Tele rF++ Str+2 Dex+2}
   (You found it on level 10 of the Dungeon)

   Str:       It affects your strength (+2).
   Dex:       It affects your dexterity (+2).
   rF:        It greatly protects you from fire.
   -Tele:     It prevents most forms of teleportation.
Jewellery
 g - the amulet of the Jester (around neck) {rF+ Regen+}
   (You acquired it on level 2 of the Lair of Beasts)

   [amulet of regeneration]

   rF:        It protects you from fire.
   Regen:     It increases your rate of health regeneration.
 i - an amulet of magic regeneration
 l - an amulet of reflection
 n - a ring of protection from cold (left hand)
 u - a +6 ring of dexterity
 y - a ring of positive energy
 D - a ring of resist corrosion
 H - a ring of poison resistance
 M - the ring "Aneuhac" (right hand) {rPois Int+3 Slay+4}
   (You acquired it on level 4 of the Lair of Beasts)

   [ring of slaying]

   Int:       It affects your intelligence (+3).
   Slay:      It affects your accuracy & damage with ranged weapons and melee
   (+4).
   rPois:     It protects you from poison.
 U - a ring of protection from fire
Wands
 c - a wand of mindburst (8)
 v - a wand of flame (12)
 O - a wand of charming (8)
 T - a wand of roots (14)
 V - a wand of light (11)
Scrolls
 a - a scroll of poison
 b - 2 scrolls of butterflies
 j - 5 scrolls of blinking
 A - 3 scrolls of fear
 E - 2 scrolls of vulnerability
 K - a scroll of teleportation
 L - 3 scrolls of fog
 N - a scroll of revelation
 S - 2 scrolls of identify
 Y - a scroll of brand weapon
 Z - 2 scrolls of amnesia
Potions
 d - a potion of ambrosia
 e - a potion of cancellation
 h - 7 potions of curing
 k - 3 potions of berserk rage
 m - 3 potions of enlightenment
 o - 3 potions of brilliance
 p - a potion of haste
 z - 2 potions of heal wounds
 J - 2 potions of invisibility
 W - a potion of lignification
 X - 2 potions of magic
Miscellaneous
 t - a phantom mirror (inert)
 G - a piece from Xom's chessboard (15/15)
 R - a phial of floods


   Skills:
 - Level 7.0 Fighting
 - Level 15.0 Ranged Weapons
 - Level 4.0 Armour
 + Level 11.7 Dodging
 - Level 1.3 Stealth
 - Level 8.0 Shields
 - Level 9.0 Spellcasting
 - Level 9.0 Conjurations
 - Level 7.7 Hexes
 - Level 7.6 Fire Magic
 - Level 9.0 Invocations
 - Level 14.0 Evocations


You had 25 spell levels left.
You knew the following spells:

 Your Spells              Type           Power      Damage    Failure   Level
a - Inner Flame           Hex/Fire       23%        N/A       4%          3
b - Iskenderun's Battles  Conj           27%        2d8       24%         5

Your spell library contained the following spells:

 Spells                   Type           Power      Damage    Failure   Level
 Magic Dart               Conj           100%       1d8       1%          1
 Scorch                   Fire           46%        2d6       2%          2
 Flame Wave               Conj/Fire      25%        2d8       12%         4
 Sticky Flame             Conj/Fire      25%        2d5       12%         4
 Cause Fear               Hex            11%        N/A       16%         4
 Mephitic Cloud           Conj/Pois/Air  12%        N/A       30%         3
 Fireball                 Conj/Fire      12%        3d7       32%         5
 Apportation              Tloc           10%        N/A       34%         1
 Necrotise                Necr           20%        1d5       34%         1
 Sting                    Tmut/Pois      20%        1d4       34%         1
 Ignite Poison            Fire/Tmut/Pois 11%        N/A       36%         3
 Call Imp                 Summ           10%        N/A       47%         2
 Passwall                 Tmut/Erth      4%         N/A       47%         2
 Poisonous Vapours        Pois/Air       10%        N/A       47%         2
 Anguish                  Hex/Necr       7%         N/A       58%         4
 Ozocubu's Armour         Ice            5%         N/A       71%         3
 Vampiric Draining        Necr           5%         2d6       71%         3
 Metabolic Englaciation   Hex/Ice        7%         N/A       90%         5
 Yara's Violent Unravell  Hex/Tmut       7%         3d5       90%         5
 Olgreb's Toxic Radiance  Pois           5%         N/A       98%         4
 Agony                    Necr           5%         N/A       100%        5
 Alistair's Intoxication  Tmut/Pois      3%         N/A       100%        5
 Conjure Ball Lightning   Conj/Air       8%         3x3d6     100%        6
 Eringya's Noxious Bog    Tmut/Pois      2%         4d6       100%        6
 Simulacrum               Ice/Necr       2%         N/A       100%        6
 Summon Cactus Giant      Summ           2%         N/A       100%        6
 Enfeeble                 Hex            11%        N/A       100%        7
 Orb of Destruction       Conj           13%        9d7       100%        7


Dungeon Overview and Level Annotations

Branches:
Dungeon (11/15)            Temple (1/1) D:6            Lair (5/5) D:11
 Shoals (2/4) Lair:2        Snake (0/4) Lair:3        Slime (0/5) Lair:4
    Orc (2/2) D:11            Elf (0/3) Orc:2        Bailey (visited)

Altars:
Ashenzari
Cheibriados
Dithmenos
Elyvilon
Fedhas
Gozag
Hepliaklqana
Kikubaaqudgha
Makhleb
Nemelex Xobeh
Okawaru
Qazlal
Ru
Sif Muna
Trog
Uskayaw
Vehumet
Wu Jian
Xom
Yredelemnul
Zin
The Shining One
Jiyva

Shops:
D:1 (![   D:3 [   Orc:1 *   Orc:2 (**[

Annotations:
Lair:1 2 transporters, exclusion: ice statue


Innate Abilities, Weirdness & Mutations

Your life essence is reduced to manifest your ancestor. (-10% HP)
You are small and have problems with some larger weapons.
You are completely attuned to the shadows.
You are partially covered in iridescent scales. (AC +2)
You possess an exceptional clarity of mind.
You are strong-willed. (Will+)
Your muscles are strong. (Str +4, Int/Dex -1)
You expend magic power (3 MP) to strengthen your wands.


Message History

Fire: C) +6 sling (drain)
Press: ? - help, Shift-Dir - straight line, f/p - skyshark
Aim: a skyshark (lightly wounded, inner flame, lightly drained, ally target, 81% to hit)
You shoot a sling bullet. The sling bullet hits the skyshark.
Flame seeps out of the skyshark.
The skyshark is moderately wounded.
Qinisela hits the skyshark but does no damage.
Qinisela closely misses the water nymph.
The water nymph casts a spell at you. The water rises up and strikes you!!
The water nymph misses you.
The skyshark is engulfed in blazing flames.
Flame seeps out of the skyshark.
The skyshark closely misses you.
The skyshark tail-slaps you but does no damage.
You block the skyshark's attack.
Unknown command.
Fire: C) +6 sling (drain)
Press: ? - help, Shift-Dir - straight line, f/p - skyshark
Aim: a skyshark (flame, moderately wounded, inner flame, lightly drained, ally target, 81% to hit)
You shoot a sling bullet.
The sling bullet hits the skyshark but does no damage.
Flame seeps out of the skyshark.
You drain the skyshark.
The skyshark is moderately wounded.
The water nymph closely misses you.
The skyshark is engulfed in blazing flames.
Flame seeps out of the skyshark.
The skyshark completely misses you. x2
The skyshark tail-slaps you but does no damage.
Qinisela closely misses the skyshark.
Unknown command.
Fire: C) +6 sling (drain)
Press: ? - help, Shift-Dir - straight line, f/p - skyshark
Aim: a skyshark (flame, heavily wounded, inner flame, lightly drained, ally target, 81% to hit)
You shoot a sling bullet. The sling bullet hits the skyshark!
Flame seeps out of the skyshark.
The skyshark is severely wounded.
The water nymph is engulfed in a cloud of scalding steam.
The water nymph points at you and mumbles some strange words.
The water rises up and strikes you!
The water nymph gestures at you while chanting.
The water rises up and strikes you!!!
You die...

#...~~.~~.##
#..~..~..##
.~≈≈..~.[# ~~
~.≈≈≈....##
~~~.>~~~..≈~....#
~~~~~~~~#.....~.#
.~~~~~~~#........#
..Rlmm(~#.....~..#
##.~@####...~~~~..
..........~~~~..~.
...~~.)..~~~~~..~
.(.~†~...~~~~~~~
..~~~~...~~~~~~
..~~...~~..~~≈
~.......~~


You could see the friendly Qinisela the knight, a skyshark (inner flame,
drained, ally target) and 2 water nymphs.

Vanquished Creatures
  A kraken (Shoals:1)
  An orc warlord (Orc:2)
  A stone giant (Shoals:1)
  A dire elephant (Lair:5)
  The ghost of quinnr the Stormcaller, a journeyman TeAE of Vehumet (Lair:5)
  Josephine (D:11)
  A merfolk impaler (Shoals:1)
  6 hydras
  A catoblepas (Lair:5)
  A merfolk aquamancer (Shoals:2)
  Nergalle (Lair:2)
  2 skysharks
  A fire crab (Lair:3)
  3 sea snakes
  A deep elf pyromancer (D:10)
  A lindwurm (Lair:5)
  A deep elf zephyrmancer (D:10)
  2 oklob plants (Lair:4)
  2 orc knights
  An orc sorcerer (Orc:1)
  3 cyclopes
  3 manticores
  5 fauns (Shoals:1)
  Maurice (Orc:2)
  5 elephants (Lair:3)
  4 water nymphs (Shoals:2)
  4 merfolk sirens
  9 black mambas
  A torpor snail (Lair:4)
  8 cane toads
  Maggie (Lair:1)
  An orange demon (Lair:1)
  An unseen horror (D:11)
  3 rime drakes
  13 komodo dragons
  10 trolls
  A wind drake (Shoals:2)
  9 polar bears (Lair:5)
  5 merfolk
  2 hornets (Lair:4)
  A raiju (Lair:5)
  2 dream sheep (Lair:5)
  7 blink frogs (Lair:5)
  2 snapping turtles (Shoals:1)
  2 water elementals (Shoals:2)
  3 wraiths (D:11)
  38 yaks
  A vampire (D:11)
  3 wyverns
  A steam dragon (D:8)
  A fire elemental (Lair:1)
  4 basilisks
  A fire bat (Lair:1)
  An acid dragon (D:11)
  12 wargs
  22 water moccasins
  8 hell hounds (Lair:5)
  A swamp drake (D:11)
  10 black bears
  A sky beast (D:7)
  29 orc warriors
  3 ice beasts
  3 ogres
  16 wolves
  3 phantoms
  13 centaurs
  2 kobold brigands (Bailey)
  4 scorpions
  7 bullfrogs
  A gnoll sergeant (D:7)
  9 wights
  6 killer bees (D:9)
  9 electric eels
  A howler monkey (D:6)
  3 hounds
  A bullfrog zombie (D:6)
  A lava snake (Lair:1)
  A centaur zombie (D:6)
  6 orc priests
  Crazy Yiuf (D:2)
  3 jellies
  2 bullfrog skeletons (D:6)
  An iron imp (D:10)
  7 iguanas
  7 hell rats (Lair:5)
  8 orc wizards
  7 adders
  4 gnolls (D:5)
  2 shadow imps
  4 white imps
  An ufetubus (D:7)
  2 worms
  2 dart slugs
  52 orcs
  6 ball pythons
  2 bats
  5 endoplasms
  6 giant cockroaches
  11 goblins
  5 hobgoblins
  3 jackals (D:2)
  2 quokkas (D:1)
  4 frilled lizards
  16 kobolds
  6 rats
527 creatures vanquished.

Vanquished Creatures (collateral kills)
  A titan (Shoals:1)
  A dire elephant (Lair:5)
  A hydra (Lair:5)
  Erolcha (D:11)
  A boulder beetle (D:10)
  Erica (Lair:1)
  Amaemon (Lair:1)
  A sea snake (Shoals:2)
  A lindwurm (Lair:5)
  An orc sorcerer (Orc:2)
  A faun (Shoals:1)
  A merfolk siren (Shoals:1)
  2 manticores
  An elephant (Lair:3)
  3 black mambas
  A molten gargoyle (Lair:1)
  A water nymph (Shoals:2)
  7 cane toads
  An unseen horror (D:10)
  A rime drake (Lair:5)
  2 komodo dragons
  4 merfolk (Shoals:1)
  2 hornets (Lair:4)
  A wind drake (Shoals:2)
  2 blink frogs (Lair:5)
  2 snapping turtles (Shoals:1)
  2 water elementals (Shoals:2)
  2 wyverns
  A wraith (D:10)
  7 yaks
  2 basilisks
  A fire bat (Lair:1)
  3 wargs
  An acid dragon (D:11)
  6 hell hounds (Lair:5)
  A swamp drake (D:10)
  4 water moccasins
  2 orc warriors (Orc:2)
  3 black bears (Lair:5)
  An ogre (Orc:1)
  2 centaurs (Orc:2)
  2 wolves
  3 bullfrogs
  An electric eel (Lair:1)
  A crimson imp (D:10)
  A lava snake (Lair:1)
  An orc priest (Orc:1)
  2 iguanas (Lair:1)
  3 orc wizards (D:10)
  8 orcs
102 creatures vanquished.

Vanquished Creatures (others)
  A wolf (Lair:5)
  A kobold brigand (Bailey)
  9 knights
  4 ancestors
  An orc (D:10)
  16 tentacles (Shoals:1)
32 creatures vanquished.

Grand Total: 661 creatures vanquished

Notes
Turn   | Place    | Note
-------+----------+-------------------------------------------
     0 | D:1      | Newt the Kobold Hunter began the quest for the Orb.
     0 | D:1      | Reached XP level 1. HP: 12/12 MP: 1/1
   163 | D:1      | Reached XP level 2. HP: 18/18 MP: 2/2
   175 | D:1      | Found Lawyduin's Distillery.
   633 | D:1      | Found Boan's Antique Weapon Boutique.
   862 | D:1      | Found Byphu's Armour Emporium.
   897 | D:2      | Reached XP level 3. HP: 23/23 MP: 3/3
  1303 | D:2      | Found a runed translucent door.
  1306 | D:2      | Noticed Crazy Yiuf
  1452 | D:2      | Reached XP level 4. HP: 30/30 MP: 4/4
  1799 | D:2      | Killed Crazy Yiuf
  1800 | D:2      | Reached skill level 5 in Fighting
  2046 | D:3      | Reached XP level 5. HP: 34/35 MP: 5/5
  2472 | D:3      | Reached skill level 6 in Ranged Weapons
  2665 | D:3      | Found Ynot's Armour Shoppe.
  3225 | D:4      | Reached skill level 7 in Ranged Weapons
  3227 | D:4      | Reached XP level 6. HP: 32/40 MP: 6/6
  3330 | D:4      | Found a shimmering altar of Xom.
  3549 | D:4      | You fall into a shaft and drop 3 floors!
  3795 | D:7      | Reached skill level 8 in Ranged Weapons
  3861 | D:7      | Noticed an ice beast
  3884 | D:7      | Killed an ice beast
  4132 | D:7      | Noticed an orc warrior
  4136 | D:7      | Reached XP level 7. HP: 44/44 MP: 7/7
  4145 | D:7      | Reached skill level 9 in Ranged Weapons
  4171 | D:7      | Reached skill level 10 in Ranged Weapons
  4269 | D:7      | Reached XP level 8. HP: 42/49 MP: 8/8
  4348 | D:7      | Noticed a cyclops
  4439 | D:6      | Reached skill level 5 in Dodging
  4489 | D:5      | Entered Level 5 of the Dungeon
  4557 | D:3      | Bought a +1 kite shield of protection for 231 gold pieces
  4795 | D:5      | Found a broken altar of Ashenzari.
  4807 | D:5      | Reached skill level 1 in Shields
  4818 | D:5      | Saw a vision of the Shoals and the Snake Pit.
  4818 | D:5      | Noticed a black mamba
  4818 | D:5      | Noticed a merfolk siren
  4819 | D:5      | Noticed a skyshark
  4820 | D:5      | Noticed a harpy
  4821 | D:5      | Noticed a merfolk siren
  4823 | D:5      | Noticed a manticore
  4823 | D:5      | Noticed a water elemental
  4823 | D:5      | Noticed a manticore
  4824 | D:5      | Noticed a mana viper
  4944 | D:5      | Reached XP level 9. HP: 57/57 MP: 9/9
  5325 | D:5      | Identified the +4 glaive of Slow Death {venom, *Noise
                  | Str+4}
  6035 | D:6      | Reached skill level 5 in Shields
  6116 | D:6      | Identified the +3 robe of the Vestibule of Hell {Int+4
                  | Archmagi}
  6422 | D:6      | Found a staircase to the Ecumenical Temple.
  6453 | Temple   | Entered the Ecumenical Temple
  6463 | Temple   | Became a worshipper of Hepliaklqana the Forgotten
  6527 | D:7      | Identified the +1 leather armour of the Demonic God {rN+}
  6749 | D:7      | Reached skill level 11 in Ranged Weapons
  7394 | D:7      | Killed a cyclops
  7395 | D:7      | Reached skill level 12 in Ranged Weapons
  7395 | D:7      | Reached XP level 10. HP: 35/63 MP: 10/10
  8122 | D:8      | Reached skill level 13 in Ranged Weapons
  8748 | D:8      | Reached skill level 14 in Ranged Weapons
  8801 | D:8      | Found a shimmering blue altar of Sif Muna.
  9575 | D:9      | Reached skill level 15 in Ranged Weapons
  9584 | D:9      | Reached skill level 1 in Armour
  9680 | D:9      | Found a flagged portal.
  9686 | Bailey   | Entered a bailey
  9709 | Bailey   | Noticed an orc knight
  9712 | Bailey   | Gained mutation: You are frail. (-10% HP) [potion of
                  | mutation]
  9763 | Bailey   | Killed an orc knight
  9859 | Bailey   | Found an iron altar of Okawaru.
 10096 | D:1      | Bought a +1 pair of boots of flying for 198 gold pieces
 10140 | D:1      | Bought a potion of curing for 39 gold pieces
 10140 | D:1      | Bought a potion of mutation for 104 gold pieces
 10140 | D:1      | Bought a potion of invisibility for 104 gold pieces
 10140 | D:1      | Lost mutation: You are frail. (-10% HP) [potion of
                  | mutation]
 10140 | D:1      | Gained mutation: Your flesh is cold resistant. (rC+)
                  | [potion of mutation]
 10140 | D:1      | Lost mutation: Your flesh is cold resistant. (rC+) [potion
                  | of mutation]
 10141 | D:1      | Gained mutation: You have hidden genetic potential. [potion
                  | of mutation]
 10141 | D:1      | Gained mutation: You are strong-willed. (Will+) [potion of
                  | mutation]
 10141 | D:1      | Gained mutation: You expend magic power (3 MP) to
                  | strengthen your wands. [potion of mutation]
 10141 | D:1      | Gained mutation: You are partially covered in iridescent
                  | scales. (AC +2) [potion of mutation]
 10604 | D:9      | Reached * piety under Hepliaklqana
 10862 | D:10     | Entered Level 10 of the Dungeon
 10881 | D:10     | Reached XP level 11. HP: 60/60 MP: 11/11
 11287 | D:10     | Noticed a deep elf zephyrmancer
 11293 | D:10     | Killed a deep elf zephyrmancer
 11300 | D:10     | Noticed a deep elf pyromancer
 11307 | D:10     | Killed a deep elf pyromancer
 11308 | D:10     | Reached skill level 10 in Dodging
 11308 | D:10     | Reached skill level 1 in Evocations
 11321 | D:10     | Identified the +0 hat "Ekloehif" {-Tele rF++ Str+2 Dex+2}
 11370 | D:10     | Gained mutation: Your muscles are strong. (Str +4, Int/Dex
                  | -1) [hidden potential]
 11684 | D:10     | Noticed a boulder beetle
 11748 | D:10     | Killed a boulder beetle
 11749 | D:10     | Reached skill level 5 in Evocations
 11831 | D:10     | Learned a level 3 spell: Inner Flame
 11979 | D:11     | Noticed Josephine
 11994 | D:11     | Killed Josephine
 12067 | D:11     | Reached ** piety under Hepliaklqana
 12068 | D:11     | Remembered your ancestor Qinisela as a knight
 12118 | D:11     | Reached XP level 12. HP: 64/64 MP: 12/12
 12126 | D:11     | Noticed Erolcha
 12134 | D:11     | Found a staircase to the Orcish Mines.
 12139 | D:11     | Killed Erolcha
 12428 | D:11     | Reached skill level 1 in Spellcasting
 12428 | D:11     | Reached skill level 1 in Fire Magic
 12489 | D:11     | Reached skill level 1 in Hexes
 12934 | D:11     | Gained mutation: You possess an exceptional clarity of
                  | mind. [hidden potential]
 12934 | D:11     | Lost mutation: You have hidden genetic potential. [hidden
                  | potential expressed]
 13017 | D:11     | Found a staircase to the Lair.
 13046 | Lair:1   | Entered Level 1 of the Lair of Beasts
 13121 | Lair:1   | Found a transporter.
 13122 | Lair:1   | Found a transporter.
 13126 | Lair:1   | Noticed Erica
 13134 | Lair:1   | Killed Erica
 13580 | Lair:1   | Noticed Amaemon
 13597 | Lair:1   | Killed Amaemon
 13929 | Lair:1   | Reached XP level 13. HP: 50/68 MP: 18/20
 13999 | Lair:1   | Noticed Maggie
 14016 | Lair:1   | Killed Maggie
 14223 | Lair:1   | Reached skill level 5 in Spellcasting
 14226 | Lair:1   | Reached *** piety under Hepliaklqana
 14546 | Lair:2   | Identified a scroll of acquirement
 14548 | Lair:2   | Acquired the amulet of the Jester {rF+ Regen+}
 14588 | Lair:2   | Reached skill level 5 in Hexes
 14588 | Lair:2   | Reached skill level 5 in Fire Magic
 14589 | Lair:2   | Identified the +9 sling of Botubuz {flame, *Slow rN+++
                  | Will++ Dex-3}
 14882 | Lair:2   | Noticed Nergalle
 14890 | Lair:2   | Killed Nergalle
 14974 | Lair:2   | Found a staircase to the Shoals.
 15058 | Lair:2   | Noticed an eight-headed hydra
 15068 | Lair:2   | Killed an eight-headed hydra
 15973 | Lair:3   | Got Rylal's Vademecum on the Adder and Vicissitude
 16035 | Lair:3   | Reached **** piety under Hepliaklqana
 16213 | Lair:3   | Reached XP level 14. HP: 73/73 MP: 25/25
 16396 | Lair:3   | Found a staircase to the Snake Pit.
 16761 | Lair:4   | Acquired the ring "Aneuhac" {rPois Int+3 Slay+4}
 16966 | Lair:4   | Found a viscous altar of Jiyva.
 16974 | Lair:4   | Found a staircase to the Slime Pits.
 17795 | Lair:5   | Entered Level 5 of the Lair of Beasts
 18057 | Lair:5   | Reached skill level 10 in Evocations
 18109 | Lair:5   | Reached ***** piety under Hepliaklqana
 18714 | Lair:5   | Reached XP level 15. HP: 77/77 MP: 28/28
 18811 | Lair:5   | Found a glowing golden altar of the Shining One.
 19075 | Lair:5   | Reached skill level 1 in Invocations
 19523 | Lair:5   | Found a runed translucent door.
 19887 | Lair:5   | Noticed quinnr's ghost (journeyman TeAE)
 19897 | Lair:5   | Killed quinnr's ghost
 19898 | Lair:5   | Reached skill level 5 in Invocations
 20116 | Orc:1    | Entered Level 1 of the Orcish Mines
 20240 | Orc:2    | Entered Level 2 of the Orcish Mines
 20393 | Orc:2    | Found Imeivi's General Store.
 20393 | Orc:2    | Found Uxeroubo's General Store.
 20393 | Orc:2    | Found Ladwylom's Antique Weapon Shoppe.
 20394 | Orc:2    | Found Seovviph's Antique Armour Boutique.
 20399 | Orc:2    | Bought a scroll of identify for 30 gold pieces
 20399 | Orc:2    | Bought a scroll of identify for 30 gold pieces
 20399 | Orc:2    | Bought a potion of heal wounds for 75 gold pieces
 20399 | Orc:2    | Bought a scroll of brand weapon for 142 gold pieces
 20415 | Orc:2    | Noticed Maurice
 20429 | Orc:2    | Killed Maurice
 20631 | Orc:2    | Noticed an orc warlord
 20645 | Orc:2    | Killed an orc warlord
 20809 | Orc:2    | Found a staircase to the Elven Halls.
 20945 | Orc:2    | Bought a book of the Spheres for 810 gold pieces
 20975 | Orc:1    | Found Riduh's General Store.
 21002 | Orc:1    | Bought a scroll of blinking for 90 gold pieces
 21161 | Orc:1    | You are sucked into a shaft and drop 1 floor!
 21578 | Shoals:1 | Entered Level 1 of the Shoals
 21642 | Shoals:1 | Reached skill level 1 in Conjurations
 21811 | Shoals:1 | Noticed a kraken
 21845 | Shoals:1 | Killed a kraken
 21897 | Shoals:1 | Reached skill level 5 in Conjurations
 22072 | Shoals:1 | Reached XP level 16. HP: 82/82 MP: 29/29
 22629 | Shoals:1 | Noticed a titan
 22635 | Shoals:1 | Killed a titan
 23032 | Shoals:2 | Learned a level 5 spell: Iskenderun's Battlesphere
 23383 | Shoals:2 | Identified the +1 spear "Uraub" {freeze, *Rage rPois Str+5}
 23403 | Shoals:2 | Killed from afar by a water nymph

Illustrated notes

Levels and vault maps discovered:
D:1:      beargit_arrival_greenhouse, layout_basic, serial_shops, shop, shop,
          shop
D:2:      layout_loops_cross, nicolae_hexahallways, uniq_crazy_yiuf_cottage
D:3:      layout_loops_corners, serial_shops, nicolae_shop_real_fake_doors
D:4:      layout_cave_pools, mainiacjoe_overflow_alcove_2
D:5:      layout_basic, grunt_ashenzari_visionary
          [grunt_ashenzari_visionary_shoals, grunt_ashenzari_visionary_snake]
D:6:      layout_basic, minmay_temple_entry_nine_rooms, serial_undead,
          serial_undead_f, serial_undead_d, serial_undead_b, serial_undead_e,
          minmay_misc_feat_x
D:7:      cheibrodos_two_vegetables, layout_loops_ring,
          chequers_serial_rivers_micro_c
D:8:      layout_loops_ring, mainiacjoe_overflow_six_doors_small
D:9:      layout_basic, enter_bailey_4
D:10:     layout_roguey, hangedman_minor_magic
D:11:     layout_roguey, erik_lair_dragon, minmay_orc_entry_guard_dogs,
          uniq_erolcha, uniq_josephine
Temple:   compressed_dpeg_triangle_lava_temple
Lair:1:   beast_lair_carwin_large_3, layout_gridlike, nzn_ghost_randoct,
          nicolae_lair_liquid_snakes, uniq_maggie, uniq_amaemon, uniq_erica
Lair:2:   layout_gridlike, minmay_shoals_entry_lonely_mermaid, st_stairs_3,
          uniq_nergalle
Lair:3:   layout_cave_pods, minmay_snake_entry_six_corridors, st_stairs_13
Lair:4:   layout_roguey, minmay_slime_entry_oklob_enclosed, dreamdust_wasp_nest
Lair:5:   hangedman_lair_in_review, layout_hall_layers,
          hangedman_lair_caniforms_friends, basic_altar,
          ebering_ghost_reflecting_pool, minmay_shattered_shrine
Shoals:1: cheibrodos_shoals_gigantism, layout_shoals,
          nicolae_shoals_cliffside_cave, nicolae_shoals_lost_giant_pillars
Shoals:2: layout_shoals, serial_shops, nicolae_shop_getting_attention,
          nicolae_shoals_nymph_descending_staircase
Orc:1:    layout_caves, serial_shops, shop
Orc:2:    st_orc_rangers, layout_diamond_mine, uniq_maurice

Skill      XL: |  1  2  3  4  5  6  7  8  9 10 11 12 13 14 15 16 |
---------------+-------------------------------------------------+-----
Fighting       | 3 4 5 7 |  7.0
Ranged Weapons | 7 8 10 12 15 | 15.0
Dodging        | 4 6 10 11 | 11.7
Shields        | 2 5 6 8 |  8.0
Armour         | 4 |  4.0
Evocations     | 5 12 14 | 14.0
Spellcasting   | 4 7 9 |  9.0
Fire Magic     | 4 7 |  7.6
Hexes          | 4 7 |  7.7
Invocations    | 9 |  9.0
Conjurations   | 7 9 |  9.0
Stealth        | |  1.3

Action                     |  1- 3 |  4- 6 |  7- 9 | 10-12 | 13-15 | 16-18 || total
---------------------------+-------+-------+-------+-------+-------+-------++-------
  Melee: Sling             |       |       |       |     5 |       |       ||     5
   Fire: Shortbow          |    76 |   110 |       |       |       |       ||   186
         Sling             |       |    28 |   342 |   819 |   993 |   144 ||  2326
   Cast: Inner Flame       |       |       |       |       |    44 |     5 ||    49
         Iskenderun's Batt |       |       |       |       |       |     1 ||     1
 Invoke: Ancestor Life: Kn |       |       |       |     1 |       |       ||     1
         Recall Ancestor   |       |       |       |     1 |       |       ||     1
  Evoke: Wand              |       |     1 |       |     2 |     2 |     1 ||     6
         Phantom mirror    |       |       |       |     1 |       |     1 ||     2
    Use: Potion            |     1 |     1 |       |     8 |     1 |     2 ||    13
         Scroll            |     1 |     3 |     3 |     6 |    16 |       ||    29
 Armour: Leather armour    |     5 |    24 |    41 |    18 |       |       ||    88
         Skin              |       |     3 |       |       |       |       ||     3
         Troll leather arm |       |       |       |    54 |    95 |     8 ||   157
  Dodge: Dodged            |    20 |    37 |   102 |   193 |   286 |    26 ||   664
  Block: Other             |       |    15 |    13 |       |       |       ||    28
         Kite shield       |       |       |   107 |   405 |   281 |    32 ||   825
         Reflection        |       |       |     4 |    19 |       |       ||    23

Table legend: (Time is in decaauts)
 A = Elapsed time spent in this place.
 B = Non-inter-level travel time spent in this place.
 C = Inter-level travel time spent in this place.
 D = Time resting spent in this place.
 E = Time spent auto-exploring this place.
 F = Levels seen in this place.
 G = Mean time per level.
                   A        B        C        D        E       F      G
               +--------+--------+--------+--------+--------+-----+--------+
         Total |  23337 |  21397 |   1940 |   3778 |  13966 |  22 | 1060.8 |
       Dungeon |  13056 |  11616 |   1440 |   2320 |   7482 |  11 | 1186.9 |
        Temple |     20 |      1 |     19 |      0 |      0 |   1 |   20.0 |
          Lair |   6896 |   6625 |    271 |   1035 |   4480 |   5 | 1379.2 |
        Shoals |   1784 |   1747 |     37 |    251 |   1156 |   2 |  892.0 |
  Orcish Mines |   1302 |   1130 |    172 |    133 |    766 |   2 |  651.0 |
        Bailey |    275 |    275 |      0 |     38 |     81 |   1 |  275.0 |
               +--------+--------+--------+--------+--------+-----+--------+

Top non-repeatable levels by time:
     D:7: 2549 daAuts
  Lair:5: 2115 daAuts
  Lair:1: 1476 daAuts
    D:11: 1391 daAuts
     D:8: 1368 daAuts
  Lair:3: 1284 daAuts
Shoals:1: 1267 daAuts
     D:6: 1261 daAuts
     D:2: 1174 daAuts
     D:3: 1124 daAuts
  Lair:4: 1049 daAuts
     D:1: 1035 daAuts
    D:10: 983 daAuts
  Lair:2: 970 daAuts
     D:9: 823 daAuts
